AoeStats
← yack

Arena

510027701Analyzed
1v1 RM · 4d ago on Sep 29, 2026· 36m 58s· 2 players
Game mode
Random Map
Map size
Tiny (2 player)
Population
200
Speed
Normal
Resources
Standard
Victory
Conquest
Starting age
Dark Age
Ending age
Imperial Age
RankedLock teamsTeams togetherTeam positionsShared explorationLock speedFull tech treeHidden civsTurbo modeCheats
Victory
Defeat
🇺🇸 Danes · United States
852
+17
🇺🇸 Vikings · United States
863
-46
seangyoder
10:52 Feudal Age
15:52 Castle Age
13:43 Horse Collar
14:02 Double-Bit Axe
14:39 Stone Mining
15:12 Gold Mining
18:25 Bow Saw
19:00 Forging
20:29 Heavy Plow
21:46 Squires
21:58 Loom
23:09 Wheelbarrow
23:06 Gambesons
25:41 Hand Cart
25:58 Scale Mail Armor
26:08 Arson
28:47 Chain Mail Armor
31:57 Imperial Age
29:23 Hamask
31:17 Gold Shaft Mining
31:23 Stone Shaft Mining
31:26 Iron Casting
32:08 Fletching
32:05 Elite Varangian Guard
33:10 Conscription
33:53 Blast Furnace
34:09 Plate Mail Armor
33:37 Bodkin Arrow
36:53 Bracer
yack
1:57 Loom
12:24 Feudal Age
16:29 Man-at-Arms
16:59 Arson
19:48 Scale Mail Armor
20:07 Forging
19:57 Fletching
25:05 Castle Age
25:40 Long Swordsman
25:57 Pikeman
26:40 Squires
28:58 Crossbowman
33:09 Iron Casting
32:51 Chain Mail Armor
32:38 Bodkin Arrow
32:45 Padded Archer Armor
Connection lost

Rejoining the realm…

Still unreachable

The connection could not be restored.

Session expired

The server has moved on; the page needs a fresh start.